 Dungeon Crawl Stone Soup version 0.28-a0-1429-gf3d713df7a (webtiles) character file.

Game seed: 13835416085075164615

98 karrick the Covered (level 4, -1/29 HPs)
             Began as a Gargoyle Fighter on Jan 9, 2022.
             Slain by a gnoll (8 damage)
             ... on level 3 of the Dungeon.
             The game lasted 00:02:51 (3132 turns).

karrick the Covered (Gargoyle Fighter)              Turns: 3132, Time: 00:02:51

Health: -1/29      AC: 10    Str: 19    XL:     4   Next: 71%
Magic:  4/4        EV:  9    Int:  9    God:
Gold:   93         SH:  4    Dex: 11    Spells: 3/3 levels left

rFire   . . .      SeeInvis .   a - +0 flail
rCold   . . .      Faith    .   c - +0 buckler
rNeg    + . .      Spirit   .   b - +0 scale mail
rPois   ∞          Reflect  .   (no helmet)
rElec   +          Harm     .   (no cloak)
rCorr   .          Rampage  .   (no gloves)
Will    .....                   (no boots)
Stlth   ..........              (no amulet)
HPRegen 0.09/turn               (no ring)
MPRegen 0.09/turn               (no ring)

@: no status effects
A: sickness immunity, AC +3, negative energy resistance 1, electricity
resistance, torment resistance 1, petrification resistance
a: no special abilities


You were on level 3 of the Dungeon.
You visited 1 branch of the dungeon, and saw 3 of its levels.

You collected 93 gold pieces.

Inventory:

Hand Weapons
 a - a +0 flail (weapon)
Armour
 b - a +0 scale mail (worn)
 c - a +0 buckler (worn)
 j - an orb of energy
Wands
 n - a wand of iceblast (14)
Scrolls
 e - a scroll of magic mapping {unknown}
 f - 3 scrolls of identify {unknown}
 h - a scroll of teleportation {unknown}
 i - a scroll of fear {unknown}
 k - a scroll of summoning {unknown}
 l - a scroll of enchant armour {unknown}
Potions
 d - a potion of might
 g - 4 potions of lignification {unknown}
 m - a potion of curing {unknown}


   Skills:
 + Level 3.9 Fighting
 + Level 3.1 Maces & Flails
 + Level 3.9 Armour
 + Level 1.2 Dodging
 + Level 3.6 Shields


You had 3 spell levels left.
You didn't know any spells.
Your spell library was empty.

Dungeon Overview and Level Annotations

Branches:
Dungeon (3/15)

Altars:


Innate Abilities, Weirdness & Mutations

You are immune to sickness and miasma.
Your stone body is resilient. (AC +3)
You are immune to poison.
You resist negative energy. (rN+)
You are resistant to electric shocks. (rElec)
You are resistant to unholy torment.
You are immune to petrification.


Message History

The gnoll is severely wounded.
You block the gnoll's attack. The gnoll barely misses you.
You closely miss the gnoll.
The gnoll is severely wounded.
The gnoll hits you with a +0 flail.
* * * LOW HITPOINT WARNING * * *
You hit the gnoll.
You kill the gnoll!
Things that are here:
a +0 flail; a gnoll corpse A gnoll is nearby!
The gnoll shouts!
You enter the shallow water.
Moving in this stuff is going to be slow.
You block the gnoll's attack. x2
The gnoll barely misses you.
You hit the gnoll but do no damage. The gnoll hits you with a +0 halberd!
You closely miss the gnoll. You block the gnoll's attack.
You closely miss the gnoll. You block the gnoll's attack.
You hit the gnoll but do no damage. The gnoll hits you with a +0 halberd!
* * * LOW HITPOINT WARNING * * *
You block the gnoll's attack.
You are too injured to fight recklessly!
You are too injured to fight recklessly!
You are too injured to fight recklessly!
You are too injured to fight recklessly!
You are too injured to fight recklessly!
You are too injured to fight recklessly!
You are too injured to fight recklessly!
You are too injured to fight recklessly!
You are too injured to fight recklessly!
You are too injured to fight recklessly!
You are too injured to fight recklessly!
You are too injured to fight recklessly!
You are too injured to fight recklessly!
You are too injured to fight recklessly!
You are too injured to fight recklessly!
You are too injured to fight recklessly!
You barely miss the gnoll. The gnoll hits you with a +0 halberd!
You die...

#.##########≈...≈≈..≈..≈≈≈##
#.# #≈≈..≈..≈..≈..≈≈≈# #.#
#≈≈..≈..≈⌠.≈...≈≈# #.#
#≈≈...≈.⌠≈..≈..≈≈# #.#
...##≈≈≈..≈).≈..≈..≈≈# #.#
#..###≈≈≈..≈÷.≈≈...≈## #.#
#..# ##.≈..≈..(....## #.#
#..# #..≈≈........# #.# #..#
#..@.........# #.#
#..###...g.......... #.#
#........###..###### #.#
#.######.# .####
#.#####.....##.###....#
#.#.........##.........
#.#.###...............#
#.#.# #...............#
#.#.#######...........#


You could see a gnoll.

Vanquished Creatures
  2 gnolls
  An adder (D:2)
  2 dart slugs
  An orc (D:3)
  6 endoplasms
  2 giant cockroaches
  5 goblins
  4 hobgoblins
  10 jackals
  3 quokkas
  10 ball pythons
  5 bats
  2 frilled lizards
  A kobold (D:2)
  3 rats
57 creatures vanquished.

Notes
Turn   | Place    | Note
-------+----------+-------------------------------------------
     0 | D:1      | karrick the Gargoyle Fighter began the quest for the Orb.
     0 | D:1      | Reached XP level 1. HP: 14/14 MP: 1/1
   310 | D:1      | Reached XP level 2. HP: 18/19 MP: 2/2
   992 | D:1      | Reached XP level 3. HP: 22/23 MP: 3/3
  2280 | D:3      | Reached XP level 4. HP: 29/29 MP: 4/4
  2494 | D:2      | Reached skill level 1 in Dodging
  3132 | D:3      | Slain by a gnoll

Illustrated notes

Levels and vault maps discovered:
D:1:      ncdulo_wetmaze, layout_loops_ring
D:2:      layout_basic
D:3:      cheibrodos_helix_gallery, layout_basic,
          grunt_temple_overflow_champion_of_chaos, uniq_pargi

Skill      XL: |  1  2  3  4 |
---------------+-------------+-----
Maces & Flails | 3 |  3.1
Dodging        | 1 |  1.2
Fighting       | |  3.9
Armour         | |  3.9
Shields        | |  3.6

Action                   |  1- 3 |  4- 6 || total
-------------------------+-------+-------++-------
Melee: Flail             |   115 |    55 ||   170
Armor: Scale mail        |    99 |    30 ||   129
Dodge: Dodged            |    81 |    36 ||   117
Block: Buckler           |    39 |    27 ||    66

Table legend: (Time is in decaauts)
 A = Elapsed time spent in this place.
 B = Non-inter-level travel time spent in this place.
 C = Inter-level travel time spent in this place.
 D = Time resting spent in this place.
 E = Time spent auto-exploring this place.
 F = Levels seen in this place.
 G = Mean time per level.
                   A        B        C        D        E       F      G
               +--------+--------+--------+--------+--------+-----+--------+
         Total |   3189 |   3097 |     92 |    222 |   2419 |   3 | 1063.0 |
       Dungeon |   3189 |   3097 |     92 |    222 |   2419 |   3 | 1063.0 |
               +--------+--------+--------+--------+--------+-----+--------+

Top non-repeatable levels by time:
     D:1: 1322 daAuts
     D:2: 1274 daAuts
     D:3: 592 daAuts
